 Dungeon Crawl Stone Soup version 0.30-a0-347-gf58ed5266c (webtiles) character file.

Game seed: 6502603655634223143

9806 Lobster4 the Arsonist (level 11, -2/145 HPs)
             Began as a Hill Orc Fire Elementalist on Nov 5, 2022.
             Was an Initiate of Gozag.
             Succumbed to a hornet's poison
             ... on level 10 of the Dungeon.
             The game lasted 00:47:18 (13782 turns).

Lobster4 the Arsonist (Hill Orc Fire Elementalist) Turns: 13782, Time: 00:47:19

Health: -2/145     AC: 12    Str: 16    XL:     11   Next: 52%
Magic:  12/25      EV: 12    Int: 16    God:    Gozag
Gold:   827        SH:  5    Dex: 15    Spells: 13/16 levels left

rFire   + . .      SeeInvis +    a - +5 hand axe of the Open Hand {vorpal, rPois Int-2 Dex+4}
rCold   . . .      Faith    .    W - +0 buckler
rNeg    . . .      Spirit   .    T - +2 robe {Archmagi}
rPois   +          Reflect  .    H - +1 helmet {Int+3}
rElec   .          Harm     .    A - +1 cloak
rCorr   .          Rampage  .    S - +2 pair of gloves
Will    .....      Archmagi +    (no boots)
Stlth   ..........               (no amulet)
HPRegen 0.44/turn                t - ring of magical power
MPRegen 0.19/turn                e - ring of Tegaesm {rF+ Slay+2 SInv}

@: berserking, lethally poisoned (-2 -> -14), gold aura, slowed
A: no striking features
a: Renounce Religion, Potion Petition, Call Merchant, Bribe Branch


You were on level 10 of the Dungeon.
You worshipped Gozag.
Gozag was pleased with you.
You visited 2 branches of the dungeon, and saw 11 of its levels.

You collected 2042 gold pieces.
You spent 1101 gold pieces at shops.
You paid 114 gold pieces to Gozag.

Inventory:

Hand Weapons
 a - the +5 hand axe of the Open Hand (weapon) {vorpal, rPois Int-2 Dex+4}
   (You found it on level 3 of the Dungeon)

   It inflicts extra damage upon your enemies.
   Int:       It affects your intelligence (-2).
   Dex:       It affects your dexterity (+4).
   rPois:     It protects you from poison.
 m - a +2 short sword of venom
 D - a +2 vorpal flail
 U - a +5 flail of freezing
Missiles
 k - 2 datura-tipped darts
 w - 17 poisoned darts
 y - 3 throwing nets
 L - 9 boomerangs
 V - 5 curare-tipped darts
 X - 2 silver boomerangs
Armour
 h - a +0 leather armour of positive energy
 A - a +1 cloak (worn)
 H - a +1 helmet of intelligence (worn)
 O - a +3 leather armour of fire resistance
 S - a +2 pair of gloves (worn)
 T - a +2 robe of the Archmagi (worn)
 W - a +0 buckler (worn)
Jewellery
 c - a ring of protection from cold
 e - the ring of Tegaesm (right hand) {rF+ Slay+2 SInv}
   (You bought it in a shop on level 4 of the Dungeon)

   [ring of protection from fire]

   Slay:      It affects your accuracy & damage with ranged weapons and melee
   (+2).
   rF:        It protects you from fire.
   SInv:      It lets you see invisible.
 l - a ring of flight
 q - a ring of positive energy
 t - a ring of magical power (left hand)
 G - a ring of resist corrosion
Wands
 d - a wand of mindburst (11)
 i - a wand of roots (9)
 E - a wand of flame (30)
 F - a wand of charming (7)
 J - a wand of light (4)
Scrolls
 g - a scroll of enchant armour {unknown}
 p - a scroll of silence {unknown}
 s - 2 scrolls of blinking
 z - 4 scrolls of fear
 C - 3 scrolls of fog
 I - a scroll of enchant weapon
 K - 2 scrolls of teleportation
 M - a scroll of noise {unknown}
 N - 2 scrolls of magic mapping
 Q - 2 scrolls of immolation
Potions
 b - a potion of magic
 f - 4 potions of heal wounds
 j - 3 potions of flight
 n - 2 potions of brilliance
 r - a potion of invisibility
 u - 9 potions of curing
 v - a potion of haste
 B - 2 potions of lignification
 P - a potion of resistance


   Skills:
 + Level 9.5 Fighting
 + Level 7.4(7.5) Axes
 - Level 1.0(4.0) Maces & Flails
 - Level 1.0 Throwing
 + Level 5.5 Armour
 + Level 2.6 Dodging
 - Level 2.0 Stealth
 + Level 4.5 Shields
 + Level 3.3 Spellcasting
 + Level 8.2 Conjurations
 + Level 9.6 Fire Magic
 - Level 3.0 Evocations


You had 13 spell levels left.
You knew the following spells:

 Your Spells              Type           Power      Damage    Failure   Level
a - Foxfire               Conj/Fire      100%       2x1d9     1%          1
b - Scorch                Fire           100%       2d10      1%          2

Your spell library contained the following spells:

 Spells                   Type           Power      Damage    Failure   Level
 Flame Wave               Conj/Fire      47%        2d12      6%          4
 Inner Flame              Hex/Fire       27%        N/A       10%         3
 Kindle Blastsparks       Fire/Tloc/Air  38%        2d13      19%         3
 Beastly Appendage        Tmut           8%         N/A       22%         1
 Wereblood                Tmut           4%         N/A       34%         2
 Spider Form              Tmut/Pois      4%         N/A       56%         3
 Alistair's Intoxication  Tmut/Pois      2%         N/A       99%         5
 Borgnjor's Vile Clutch   Necr/Erth      2%         N/A       99%         5
 Eringya's Noxious Bog    Tmut/Pois      2%         N/A       100%        6


Dungeon Overview and Level Annotations

Branches:
Dungeon (10/15)            Temple (1/1) D:6             Orc (0/2) D:9
   Lair: D:8-11

Altars:
Ashenzari
Cheibriados
Dithmenos
Elyvilon
Fedhas
Gozag
Hepliaklqana
Kikubaaqudgha
Makhleb
Nemelex Xobeh
Okawaru
Qazlal
Ru
Sif Muna
Trog
Uskayaw
Vehumet
Wu Jian
Xom
Yredelemnul
Zin
The Shining One

Shops:
D:2 (   D:4 *   D:6 ([(**

Annotations:
D:9 exclusion: worm


Message History

The hornet stings you.
* * * LOW HITPOINT WARNING * * *
The hornet stings you.
* * * LOW HITPOINT WARNING * * *
You feel as though you will be slow longer.
The hornet stings you.
* * * LOW HITPOINT WARNING * * *
You feel as though you will be slow longer.
You can move again.
You miss the hornet.
The hornet is heavily wounded.
You slash the hornet! You hit the hornet but do no damage.
You feel very sick. The hornet stings you!
* * * LOW HITPOINT WARNING * * *
You feel as though you will be slow longer.
You block the hornet's attack. The hornet stings you.
* * * LOW HITPOINT WARNING * * *
You are too berserk!
You are too berserk!
You are too berserk!
You are too berserk!
You slash the hornet!
The hornet is severely wounded.
You closely miss the hornet. You barely miss the hornet.
* * * LOW HITPOINT WARNING * * *
You feel very sick.
The hornet stings you but does no damage.
You block the hornet's attack. The hornet closely misses you.
The hornet stings you but does no damage.
The hornet misses you. You block the hornet's attack.
Unknown command.
Unknown command.
You slash the hornet!
You kill the hornet!
You slash the hornet!
You kill the hornet!
You barely miss the hornet.
You die...
Your body crumbles into a pile of gold.

#....#...............#
#....#...............#
#....'.....#####.....########
.######.....# #.............
............# #.............
#............>.#
#..###########
#..########....#####.## +..#
#.....y$<..# #..#
#.....@$..## #..# #..#####$.#
#..# #..# #..# #.(########..#
#.$# ....h........# #..'..# $
$ .##########..# #..#..# #..#
#..#...# #..# #..# ..# #..#
#..##...#


You could see a hornet.

Vanquished Creatures
  Pikel (D:5)
  A manticore (D:9)
  A troll (D:9)
  6 hornets (D:10)
  Grinder (D:4)
  A shadow (D:10)
  8 yaks
  Eustachio (D:6)
  A wyvern (D:7)
  2 steam dragons
  2 vampire mosquitoes (D:10)
  2 water moccasins
  2 floating eyes (D:10)
  6 ice beasts
  2 sky beasts (D:7)
  3 black bears
  3 orc warriors (D:9)
  3 ogres
  3 phantoms
  5 centaurs
  3 lemures (D:5)
  2 necrophages
  3 scorpions
  2 bullfrogs
  11 wights
  4 howler monkeys
  2 hounds
  3 jellies
  9 orc priests
  2 gnoll boudas
  6 iguanas
  5 orc wizards
  Ijyb (D:4)
  3 adders
  9 gnolls
  5 white imps
  2 ufetubi
  2 worms
  2 dart slugs
  35 orcs
  6 endoplasms
  4 giant cockroaches
  12 goblins
  3 hobgoblins
  4 jackals (D:4)
  3 quokkas
  7 ball pythons
  5 bats
  4 frilled lizards
  8 kobolds
  4 rats
225 creatures vanquished.

Vanquished Creatures (collateral kills)
  Lodul (D:10)
  4 ogres (D:10)
  2 foxfires
7 creatures vanquished.

Vanquished Creatures (others)
  1047 foxfires
  5 fungi (D:10)
  26 plants
1078 creatures vanquished.

Grand Total: 1310 creatures vanquished

Notes
Turn   | Place    | Note
-------+----------+-------------------------------------------
     0 | D:1      | Lobster4 the Hill Orc Fire Elementalist began the quest for
                  | the Orb.
     0 | D:1      | Reached XP level 1. HP: 14/14 MP: 3/3
   178 | D:1      | Reached XP level 2. HP: 20/20 MP: 2/4
   227 | D:1      | Learned a level 2 spell: Scorch
   705 | D:1      | Reached XP level 3. HP: 27/27 MP: 2/5
  1121 | D:2      | Found Gaan's Weapon Shoppe.
  1128 | D:2      | Bought 2 datura-tipped darts for 8 gold pieces
  1821 | D:2      | Found a faded altar of an unknown god.
  2041 | D:3      | Found a hazy altar of Hepliaklqana.
  2047 | D:3      | Found a snail-covered altar of Cheibriados.
  2048 | D:3      | Found a radiant altar of Vehumet.
  2048 | D:3      | Found a shadowy altar of Dithmenos.
  2051 | D:3      | Found a bloodstained altar of Trog.
  2087 | D:3      | Reached skill level 1 in Maces & Flails
  2559 | D:3      | Reached XP level 4. HP: 34/34 MP: 6/6
  2778 | D:3      | Identified the +5 hand axe of the Open Hand {vorpal, rPois
                  | Int-2 Dex+4}
  3061 | D:4      | Noticed Grinder
  3142 | D:3      | Reached skill level 1 in Fighting
  3142 | D:3      | Reached skill level 1 in Armour
  3252 | D:4      | Reached XP level 5. HP: 40/40 MP: 8/8
  3262 | D:4      | Reached skill level 1 in Axes
  3322 | D:4      | Noticed Ijyb
  3344 | D:4      | Killed Ijyb
  3585 | D:4      | Killed Grinder
  3586 | D:4      | Reached skill level 1 in Throwing
  3586 | D:4      | Reached skill level 1 in Evocations
  3586 | D:4      | Reached XP level 6. HP: 40/48 MP: 6/9
  3923 | D:4      | Reached XP level 7. HP: 54/56 MP: 6/10
  4192 | D:4      | Found Peihoq's Fire Supplies.
  4369 | D:5      | Entered Level 5 of the Dungeon
  4793 | D:5      | Reached skill level 5 in Fire Magic
  4793 | D:5      | Reached XP level 8. HP: 55/63 MP: 12/12
  5530 | D:5      | Noticed Pikel
  5690 | D:6      | Found Roacwuno's Assorted Antiques.
  5696 | D:6      | Found Hautead's General Store.
  5700 | D:6      | Found Odaow's Antique Armour Boutique.
  5805 | D:6      | Noticed Eustachio
  6042 | D:6      | Found Apruq's Antique Weapon Emporium.
  6077 | D:6      | Killed Eustachio
  6150 | D:6      | Found Ciosch's Weapon Emporium.
  6210 | D:6      | Found a staircase to the Ecumenical Temple.
  6313 | D:6      | Reached skill level 5 in Fighting
  6313 | D:6      | Reached XP level 9. HP: 74/74 MP: 5/13
  6437 | Temple   | Entered the Ecumenical Temple
  6601 | Temple   | Became a worshipper of Gozag Ym Sagoz the Greedy
  6686 | D:6      | Reached skill level 5 in Armour
  6686 | D:6      | Reached skill level 5 in Conjurations
  7949 | D:7      | Reached skill level 5 in Axes
  8050 | D:7      | Identified the +1 leather armour of Noon {*Corrode MP+9
                  | Str+8 Dex-3}
  8263 | D:7      | Reached XP level 10. HP: 59/86 MP: 14/14
  9297 | D:4      | Bought the ring of Tegaesm {rF+ Slay+2 SInv} for 579 gold
                  | pieces
  9828 | D:5      | Killed Pikel
 10010 | D:8      | Found an ornate altar of the Wu Jian Council.
 10073 | D:6      | Bought a bloodstained mace for 200 gold pieces
 10073 | D:6      | Identified the +8 mace "Nuesm" {vorpal, Dex+4} (You bought
                  | it in a shop on level 6 of the Dungeon)
 10741 | D:8      | Reached skill level 1 in Shields
 11428 | D:6      | Bought a buckler for 126 gold pieces
 11662 | D:9      | Found a staircase to the Orcish Mines.
 11901 | D:9      | Noticed a manticore
 12242 | D:9      | Reached XP level 11. HP: 79/95 MP: 6/15
 12555 | D:9      | Killed a manticore
 12871 | D:10     | Entered Level 10 of the Dungeon
 13007 | D:10     | Noticed Lodul
 13031 | D:10     | Killed Lodul
 13519 | D:4      | Bought a scroll of immolation for 52 gold pieces
 13603 | D:6      | Bought a scroll of blinking for 112 gold pieces
 13615 | D:6      | Bought a fuming puce potion for 24 gold pieces
 13685 | D:10     | Paralysed by a floating eye for 3 turns
 13696 | D:10     | Paralysed by a floating eye for 3 turns
 13776 | D:10     | Paralysed by a hornet for 3 turns
 13780 | D:10     | HP: 6/145 [hornet (5)]
 13781 | D:10     | HP: 1/145 [poisoned by a hornet]
 13782 | D:10     | Succumbed to a hornet's poison

Illustrated notes

Levels and vault maps discovered:
D:1:      dpeg_arrival_orchard, layout_basic, kennysheep_crisscross,
          dreamdust_wishing_well, minivault_14, serial_bayou_lagoon_a
D:2:      layout_basic, serial_shops, shop, chequers_ecumenical_altar_island,
          grunt_decor_fettered
D:3:      kennysheep_the_goblin_king, layout_basic, minitemple
D:4:      layout_gridville, minmay_misc_feat_five, nicolae_shop_fire_sale
          [nicolae_sub_dead_trees], uniq_ijyb, uniq_grinder
D:5:      layout_basic, uniq_pikel
D:6:      layout_rooms, minmay_temple_entry_slanted, serial_shops, shop, shop,
          shop, nicolae_shop_window_shopping, shop, uniq_eustachio
D:7:      minmay_thinvault, layout_basic, amcnicky_mini_pool_small
D:8:      layout_loops_corners, nicolae_overflow_crystal_walls
D:9:      layout_irregular_city, orc_0_dummy, hive_lemuel
D:10:     hellmonk_paralyzer, layout_irregular_city,
          grunt_lair_entry_orc_guard_hut, uniq_maurice, uniq_lodul
Temple:   nicolae_temple_elliptical

Skill      XL: |  1  2  3  4  5  6  7  8  9 10 11 |
---------------+----------------------------------+-----
Maces & Flails | 1 |  1.0
Dodging        | 2 |  2.6
Fighting       | 1 2 3 5 7 8 9 |  9.5
Armour         | 1 2 3 4 5 |  5.5
Stealth        | 2 |  2.0
Spellcasting   | 2 3 |  3.3
Axes           | 2 5 6 7 |  7.4
Conjurations   | 2 3 4 6 7 8 |  8.2
Fire Magic     | 4 5 6 7 9 |  9.6
Throwing       | 1 |  1.0
Evocations     | 1 2 3 |  3.0
Shields        | 3 4 |  4.5

Action                   |  1- 3 |  4- 6 |  7- 9 | 10-12 || total
-------------------------+-------+-------+-------+-------++-------
Melee: Flail             |    43 |     2 |       |       ||    45
       Hand axe          |       |    16 |    75 |    56 ||   147
 Cast: Foxfire           |    59 |    73 |   277 |   206 ||   615
       Scorch            |       |     1 |    47 |    46 ||    94
Evoke: Wand              |       |       |     1 |     5 ||     6
  Use: Scroll            |     4 |     1 |     8 |    10 ||    23
       Potion            |       |     1 |       |     4 ||     5
 Stab: Sleeping          |       |     1 |     2 |       ||     3
       Invisible         |       |       |     3 |       ||     3
Armor: Leather armour    |    21 |    10 |    74 |    20 ||   125
       Robe              |       |       |       |    43 ||    43
Dodge: Dodged            |    36 |    15 |   108 |    61 ||   220
Block: Buckler           |       |       |       |    11 ||    11

Table legend: (Time is in decaauts)
 A = Elapsed time spent in this place.
 B = Non-inter-level travel time spent in this place.
 C = Inter-level travel time spent in this place.
 D = Time resting spent in this place.
 E = Time spent auto-exploring this place.
 F = Levels seen in this place.
 G = Mean time per level.
                   A        B        C        D        E       F      G
               +--------+--------+--------+--------+--------+-----+--------+
         Total |  13828 |  12417 |   1411 |   2294 |   7557 |  11 | 1257.1 |
       Dungeon |  13630 |  12267 |   1363 |   2294 |   7424 |  10 | 1363.0 |
        Temple |    198 |    150 |     48 |      0 |    133 |   1 |  198.0 |
               +--------+--------+--------+--------+--------+-----+--------+

Top non-repeatable levels by time:
     D:7: 2497 daAuts
     D:5: 2027 daAuts
     D:8: 1601 daAuts
     D:4: 1471 daAuts
     D:3: 1259 daAuts
     D:9: 1229 daAuts
     D:1: 1036 daAuts
     D:6: 1017 daAuts
     D:2: 875 daAuts
    D:10: 613 daAuts
  Temple: 198 daAuts
